Map: Ruins of Seras

Players

etsharry

  • Race: Protoss Protoss
  • League: Grandmaster

Javert - Winner!

  • Race: Zerg Zerg
  • League: Grandmaster

VOD

Have the link to the VOD?

Description

Time

  • Played on: June 13, 2015, 6 p.m.
  • Length: 4:51
Show
View Real Time Build Order
Export as new Build Order

etsharry Protoss 

Build Orders:  

Get SALT Encoding   

  12  0:01  Probe  
  13  0:16  Pylon  
  13  0:18  Probe  
  14  0:34  Probe (Chrono Boost)  
  15  0:39  Gateway  
  15  0:41  Assimilator  
  15  0:46  Probe (Chrono Boost)  
  16  0:55  Probe (Chrono Boost)  
  17  1:01  Gateway  
  17  1:07  Probe (Chrono Boost)  
  18  1:14  Pylon  
  18  1:18  Probe (Chrono Boost)  
  19  1:27  Cybernetics Core  
  19  1:33  Probe (Chrono Boost)  
  21  1:48  Probe (Chrono Boost)  
  21  2:04  Adept  
  21  2:05  Adept  
  25  2:08  Probe  
  26  2:20  Pylon  
  26  2:26  Probe  
  27  2:31  Nexus  
  27  2:41  Probe  
  27  2:42  Adept (Chrono Boost)  
  29  2:47  Adept (Chrono Boost)  
  31  2:55  Probe  
  31  2:57  Assimilator  
  32  3:08  Mothership Core  
  32  3:09  Adept  
  32  3:43  Adept x2  
  36  3:48  Probe  
  36  3:49  Probe  
Show
View Real Time Build Order
Export as new Build Order

Javert Zerg - Winner!

Build Orders: Hatch First 

Get SALT Encoding   

  12  0:01  Drone  
  13  0:13  Overlord  
  13  0:19  Drone  
  14  0:32  Drone x2  
  16  0:51  Hatchery  
  16  0:53  Drone  
  16  0:56  Extractor  
  15  1:00  Drone  
  16  1:14  Spawning Pool  
  15  1:18  Drone  
  15  1:20  Drone  
  17  1:28  Drone  
  18  1:42  Drone x2  
  20  1:51  Overlord  
  20  2:08  Metabolic Boost  
  20  2:09  Queen x2  
  20  2:13  Zergling x2  
  20  2:15  Zergling x2  
  26  2:18  Zergling x2  
  27  2:29  Zergling x6  
  30  2:44  Overlord  
  30  2:50  Drone x3  
  33  3:01  Zergling x4  
  35  3:10  Zergling x4  
  37  3:27  Zergling x8  
  37  3:28  Zergling x6  
  43  3:52  Overlord x2  
  42  4:01  Zergling x4  
  44  4:13  Drone x4  
  44  4:14  Drone x4  
  50  4:23  Drone  
  50  4:24  Drone x3  
  50  4:29  Hatchery  
  50  4:31  Drone x2  
  50  4:38  Drone  
  50  4:39  Drone x2  
Tags
 
Add a new tag
Caveats
  • Supply blocks, unpowered buildings, or Contaminate may cause inaccurate times.
  • Supply counts are checked every 10 seconds.